AoeStats
← MeowMe

African Clearing

504980397Analyzed
3v3 RM · 24d ago on Sep 7, 2026· 30m 19s· 6 players
Game mode
Random Map
Map size
Normal (6 player)
Population
200
Speed
Normal
Resources
Standard
Victory
Conquest
Starting age
Dark Age
Ending age
Imperial Age
RankedLock teamsTeams togetherTeam positionsShared explorationLock speedFull tech treeHidden civsTurbo modeCheats
Victory
Defeat
🇧🇾 Berbers · Belarus
1505
+9
🇷🇺 Vietnamese · Russia
1425
+11
🇬🇪 Huns · Georgia
1424
+11
🇨🇳 Jurchens · China
1400
-13
🇨🇱 Portuguese · Chile
1342
-11
🇹🇼 Tupi · Taiwan
1230
-7
Criminalss
3:53 Loom
13:37 Feudal Age
18:41 Castle Age
18:26 Wheelbarrow
夕海真雪
8:26 Loom
16:31 Feudal Age
17:42 Double-Bit Axe
17:40 Horse Collar
18:07 Gold Mining
20:28 Castle Age
27:51 Champi Runner
30:26 Wheelbarrow
Mustafa90
10:50 Loom
12:57 Feudal Age
15:19 Forging
18:01 Scale Barding Armor
17:59 Double-Bit Axe
20:25 Bloodlines
26:09 Castle Age
27:42 Chain Barding Armor
29:02 Fletching
SiraZaika
4:42 Loom
13:57 Feudal Age
14:39 Town Watch
15:13 Double-Bit Axe
17:35 Castle Age
16:46 Fletching
17:51 Padded Archer Armor
19:51 Bodkin Arrow
25:36 Wheelbarrow
26:15 Bow Saw
MeowMe
3:18 Loom
14:08 Feudal Age
19:17 Castle Age
24:15 Double-Bit Axe
24:43 Gold Mining
24:43 Stone Mining
29:47 Marauders
OLADUSHEK
11:28 Feudal Age
10:43 Loom
12:42 Double-Bit Axe
12:58 Town Watch
14:37 Bloodlines
16:07 Wheelbarrow
17:39 Forging
18:22 Scale Barding Armor
23:34 Castle Age
21:53 Horse Collar
23:37 Light Cavalry
24:20 Husbandry
25:01 Bow Saw
27:26 Chain Barding Armor
30:44 Iron Casting
Connection lost

Rejoining the realm…

Still unreachable

The connection could not be restored.

Session expired

The server has moved on; the page needs a fresh start.